 Dungeon Sprint DCSS version 0.25.0-46-gbd7b0854d2 (webtiles) character file.

Game seed: 6646572728430600918

16815 MordorOrchid the Blocker (level 12, -12/106 HPs)
             Began as an Octopode Ice Elementalist on July 16, 2020.
             Was an Initiate of Gozag.
             Blown up by an eye of devastation (17 damage)
             ... with a bolt of energy
             ... in the Dungeon (Sprint V: "Ziggurat Sprint").
             The game lasted 00:14:42 (927 turns).

MordorOrchid the Blocker (Octopode Ice Elementalist) Turns: 927, Time: 00:14:43

Health: -12/106    AC: 28    Str: 19    XL:     12   Next: 41%
Magic:  26/26      EV: 17    Int: 40    God:    Gozag
Gold:   3257       SH: 33    Dex: 25    Spells: 5/31 levels left

rFire    + . .     SeeInvis .   a - +7 Screaming Sword {vorpal, sonic wave}
rCold    + . .     Gourm    .   V - +18 shield of the Gong {rElec rN+ MR+ EV-5}
rNeg     + + .     Faith    .   (helmet restricted)
rPois    ∞         Spirit   .   S - amulet of the acrobat
rElec    +         Reflect  .   s - +6 ring of dexterity
rCorr    +         Harm     .   t - +6 ring of dexterity
MR       +....     NoTele   +   u - +6 ring of intelligence
Stlth    ++++......             v - +6 ring of intelligence
HPRegen  0.27/turn              w - +6 ring of strength
MPRegen  0.20/turn              x - +6 ring of strength
                                L - ring of Siacs {rPois Int+6}
                                M - ring of wizardry

@: mighty, statue-form, resistant, gold aura, stab, flying, very slightly
contaminated, invisible, very slow
A: almost no armour, stealthy swim, amphibious, 8 rings, constrict 8, camouflage
1
a: End Transformation, Potion Petition, Call Merchant, Bribe Branch, Renounce
Religion


You were in the Dungeon.
You worshipped Gozag.
Gozag was most pleased with you.
You were not hungry.
You were a stone statue.
You visited 1 branch You collected 6111 gold pieces.
You paid 2854 gold pieces to Gozag.

Inventory:

Hand Weapons
 a - the +7 Screaming Sword (weapon) {vorpal, sonic wave}
   (You found it in the Dungeon)

   It inflicts extra damage upon your enemies.
 k - the +3 Elemental Staff {rElec rF++ rC++ MR++ AC+5}
   (You found it in the Dungeon)

   It affects your AC (+5).
   It greatly protects you from fire.
   It greatly protects you from cold.
   It insulates you from electricity.
   It affects your resistance to hostile enchantments.
 y - the +14 obsidian axe {vorpal, +Fly SInv *Curse}
   (You found it in the Dungeon)

   It inflicts extra damage upon your enemies.
   It lets you see invisible.
   It lets you fly.
   It curses itself when equipped.
 B - the +8 lance "Wyrmbane" {slay drac, rPois rF+ rC+ AC+3}
   (You found it in the Dungeon)

   It affects your AC (+3).
   It protects you from fire.
   It protects you from cold.
   It protects you from poison.
 U - the +8 demon trident "Rift" {distort, reach+}
   (You found it in the Dungeon)

   It warps and distorts space around it.
   Unwielding it can cause banishment or high damage.
Missiles
 I - 1024 arrows
Armour
 V - the +18 shield of the Gong (worn) {rElec rN+ MR+ EV-5}
   (You found it in the Dungeon)

   It affects your evasion (-5).
   It insulates you from electricity.
   It protects you from negative energy.
   It affects your resistance to hostile enchantments.
Magical Staves
 q - an uncursed staff of energy
 z - an uncursed staff of wizardry
Jewellery
 s - a +6 ring of dexterity (left tentacle)
 t - a +6 ring of dexterity (right tentacle)
 u - a +6 ring of intelligence (on tentacle)
 v - a +6 ring of intelligence (on tentacle)
 w - a +6 ring of strength (on tentacle)
 x - a +6 ring of strength (on tentacle)
 J - an uncursed ring of ice
 K - a ring of the Octopus King {AC+1 EV+1 Str+1 Int+1 Dex+1 SInv}
   (You found it in the Dungeon)

   [ring of see invisible]

   It affects your AC (+1).
   It affects your evasion (+1).
   It affects your strength (+1).
   It affects your intelligence (+1).
   It affects your dexterity (+1).
   It lets you see invisible.
 L - the ring of Siacs (on tentacle) {rPois Int+6}
   (You found it in the Dungeon)

   [ring of intelligence]

   It affects your intelligence (+6).
   It protects you from poison.
 M - a ring of wizardry (on tentacle)
 N - an uncursed ring of positive energy
 O - an uncursed ring of protection from cold
 S - an amulet of the acrobat (around mantle)
 T - an uncursed amulet of magic regeneration
Wands
 n - a wand of disintegration (7)
 o - a wand of iceblast (4)
 p - a wand of acid (7)
Scrolls
 h - 3 scrolls of blinking
 C - 4 scrolls of amnesia
 D - 6 scrolls of fog
 E - a scroll of holy word
 F - 5 scrolls of identify
 G - 4 scrolls of remove curse
 H - 2 scrolls of fear
 P - 4 scrolls of enchant armour
Potions
 c - 10 potions of curing
 d - 14 potions of heal wounds
 e - 2 potions of haste
 f - 7 potions of magic
 g - 2 potions of berserk rage
 j - 4 potions of resistance
 l - 3 potions of stabbing
 m - 2 potions of might
 A - 2 potions of brilliance
Miscellaneous
 i - 2 boxes of beasts
 r - a lightning rod (4/4)
 Q - a phantom mirror
 R - a phial of floods
Comestibles
 b - 6 rations


   Skills:
 * Level 8.1 Fighting
 - Level 10.0 Long Blades
 * Level 10.0 Dodging
 - Level 2.6 Stealth
 * Level 14.2 Shields
 * Level 10.2 Spellcasting
 - Level 6.0 Conjurations
 - Level 5.0 Necromancy
 - Level 2.0 Translocations
 * Level 9.6 Transmutations
 * Level 5.3 Fire Magic
 - Level 12.0 Ice Magic
 * Level 9.2 Earth Magic
 - Level 6.0 Evocations


You had 5 spell levels left.
You knew the following spells:

 Your Spells              Type           Power        Failure   Level  Hunger
a - Freeze                Ice            ####         0%          1    None
f - Ignition              Fire           ######....   99%         8    #######
r - Hailstorm             Conj/Ice       #######.     1%          4    None
x - Blink                 Tloc           N/A          1%          2    None
E - Borgnjor's Vile Clut  Necr/Erth      ######....   1%          5    None
Y - Statue Form           Tmut/Erth      #######..    2%          6    ####...

Your spell library contained the following spells:

 Spells                   Type           Power        Failure   Level  Hunger
 Infusion                 Chrm           ###.         1%          1    None
 Summon Small Mammal      Summ           ###.         1%          1    None
 Corpse Rot               Necr/Air       N/A          1%          2    None
 Passwall                 Tmut/Erth      #######.     1%          2    None
 Shroud of Golubria       Chrm/Tloc      ####..       1%          2    None
 Song of Slaying          Chrm           ###.....     1%          2    None
 Sublimation of Blood     Necr           ######....   1%          2    None
 Frozen Ramparts          Ice            ######       1%          3    None
 Gell's Gravitas          Tloc           #####.....   1%          3    None
 Lesser Beckoning         Tloc           #####.....   1%          3    None
 Ozocubu's Armour         Chrm/Ice       ######..     1%          3    None
 Portal Projectile        Hex/Tloc       ####..       1%          3    None
 Recall                   Summ/Tloc      N/A          1%          3    None
 Static Discharge         Conj/Air       #####...     1%          3    None
 Teleport Other           Tloc           #####...     1%          3    None
 Animate Dead             Necr           N/A          1%          4    None
 Dispel Undead            Necr           ######..     1%          4    None
 Summon Ice Beast         Ice/Summ       ######..     1%          4    None
 Irradiate                Conj/Tmut      ######....   1%          5    None
 Spectral Weapon          Hex/Chrm       ###.....     2%          3    None
 Agony                    Necr           ######..     2%          5    None
 Passage of Golubria      Tloc           N/A          3%          4    None
 Iskenderun's Battlesphe  Conj/Chrm      #####...     6%          5    None
 Lightning Bolt           Conj/Air       #####.....   6%          5    None
 Excruciating Wounds      Chrm/Necr      #####.....   8%          5    None
 Aura of Abjuration       Summ           ###.......   21%         5    None
 Summon Demon             Summ           ###.......   21%         5    None
 Hydra Form               Tmut           #######...   2%          6    ####...
 Simulacrum               Ice/Necr       ######....   3%          6    ####...
 Dragon Form              Tmut           #######...   12%         7    #####..
 Death Channel            Necr           ######....   16%         6    ####...
 Dispersal                Tloc           #####.....   45%         6    ####...
 Shadow Creatures         Summ           N/A          71%         6    ####...
 Controlled Blink         Tloc           N/A          100%        8    #######
 Disjunction              Tloc           #####.....   100%        8    #######
 Dragon's Call            Summ           ###.......   100%        9    #######
 Shatter                  Erth           #######...   100%        9    #######
 Tornado                  Air            ###.......   100%        9    #######


Dungeon Overview and Level Annotations

Branches:
Dungeon (1/1)

Altars:
Ashenzari
Cheibriados
Dithmenos
Elyvilon
Fedhas
Gozag
Hepliaklqana
Kikubaaqudgha
Makhleb
Nemelex Xobeh
Okawaru
Qazlal
Ru
Sif Muna
Trog
Uskayaw
Vehumet
Wu Jian
Xom
Yredelemnul
Zin
The Shining One
Beogh
Jiyva
Lugonu

Annotations:
D 1 transporter


Innate Abilities, Weirdness & Mutations

You cannot wear most types of armour.
You are very stealthy in the water. (Stealth+)
You are amphibious.
You can wear up to eight rings at the same time.
You can use your tentacles to constrict eight enemies at once.
Your skin changes colour to match your surroundings (Stealth+).
((Your rubbery body absorbs attacks. (AC +1, EV +1)))


Message History

The slime creature quivers.
The slime creature is heavily wounded.
The eye of devastation is lightly wounded.
You kill the slime creature!
The large slime creature is no longer distracted by gold.
The large slime creature is lightly wounded.
You kill the ooze!
The acid blob is no longer distracted by gold.
The acid blob quivers.
The acid blob is moderately wounded.
The eye of devastation is heavily wounded.
The acid blob spits acid at you. The splash of acid hits you. You resist.
* * * LOW HITPOINT WARNING * * *
You are splashed with acid.
You resist.
* * * LOW HITPOINT WARNING * * *
A large slime creature splits.
The eye of devastation gazes at you. The bolt of energy hits you!
You die...

▓...=.[...▓..})
▓.........▓..).
▓.........▓....
▓.........▓....
▓.........▓....
▓▓▓▓▓▓▓▓▓▓▓.▓.....▓.▓.▓..
...8©8.J..▓....©....▓...©
.[=")"J"..▓▓▓▓▓▓▓▓▓▓▓▓▓▓▓
..)J$J$$8.▓...8©8...▓..8©
▓....J.G.G..▓...[)[...▓....
▓..........$▓.....}...▓..[[
...........▓.........▓....
..........▓.........▓....
.▓.....▓..▓...))....▓....
▓▓...▓▓▓.▓.........▓....
▓..▓.....▓..▓.▓.....▓.▓.▓..
▓.....©.....▓....©....▓...©


You could see an acid blob, 4 slime creatures and 2 eyes of devastation.

Vanquished Creatures
  2 fire giants (D)
  A ghoul (D)
  A vampire knight (D)
  A stone giant (D)
  A fire dragon (D)
  2 vault guards (D)
  A two-headed ogre (D)
  A vampire mage (D)
  An ironbrand convoker (D)
  3 necromancers (D)
  2 cyclopes (D)
  An ugly thing (D)
  A hellion (D)
  2 yaktaurs (D)
  4 trolls (D)
  A hornet (D)
  A slime creature (D)
  A shadow (D)
  An air elemental (D)
  A tarantella (shapeshifter) (D)
  4 spriggans (D)
  A golden eye (D)
  A human (shapeshifter) (D)
  A large abomination (D)
  3 black bears (D)
  A phantom (D)
  2 necrophages (D)
  2 wolves (D)
  An ogre (D)
  A centaur (D)
  3 wights (D)
  2 crimson imps (D)
  3 quasits (D)
  2 orc priests (D)
  2 iron imps (D)
  A jelly (D)
  2 orc wizards (D)
  An adder (D)
  A shadow imp (D)
  An ufetubus (D)
  2 oozes (D)
  An adder skeleton (D)
  An orc (D)
  A bat skeleton (D)
  2 ball pythons (D)
  A ball python skeleton (D)
  A leopard gecko skeleton (D)
  A leopard gecko zombie (D)
74 creatures vanquished.

Vanquished Creatures (collateral kills)
  An ugly thing (D)
  A water moccasin (shapeshifter) (D)
  An orc warrior (D)
3 creatures vanquished.

Vanquished Creatures (others)
  An unseen horror (D)
  2 shadow imps (D)
  An ufetubus (D)
4 creatures vanquished.

Grand Total: 81 creatures vanquished

Notes
Turn   | Place    | Note
-------+----------+-------------------------------------------
     0 | D        | MordorOrchid the Octopode Ice Elementalist began the quest
                  | for the Orb.
     0 | D        | Reached XP level 1. HP: 11/11 MP: 3/3
     0 | D        | Found a shimmering blue altar of Sif Muna.
     0 | D        | Found a sacrificial altar of Ru.
     0 | D        | Found a bloodstained altar of Trog.
     0 | D        | Found a stormy altar of Qazlal.
     0 | D        | Found an iron altar of Okawaru.
     0 | D        | Found a sparkling altar of Nemelex Xobeh.
     0 | D        | Found a blossoming altar of Fedhas.
     1 | D        | Found the +6 Majin-Bo {vamp, Archmagi MP+6 Int+6}
     1 | D        | Found the +7 great mace "Firestarter" {inner flame, rF++}
     6 | D        | Found a corrupted altar of Lugonu.
     6 | D        | Found an ancient bone altar of Kikubaaqudgha.
     6 | D        | Found a burning altar of Makhleb.
     6 | D        | Found a transporter.
     6 | D        | Found a viscous altar of Jiyva.
     6 | D        | Found a hazy altar of Hepliaklqana.
    23 | D        | Found the +9 heavy crossbow "Sniper" {vorpal, Acc+∞ SInv}
    23 | D        | Found the +10 dark maul {vorpal}
    23 | D        | Found the +15 Maxwell's patent armour {-Cast -Tele rElec
                  | MR+ rCorr}
    23 | D        | Found the +18 shield of the Gong {rElec rN+ MR+ EV-5}
    23 | D        | Found the cursed +14 obsidian axe {vorpal, +Fly SInv
                  | *Curse}
    31 | D        | Found the +6 shillelagh "Devastator" {shatter}
    31 | D        | Found the +11 plutonium sword {*Contam Stlth-}
    31 | D        | Found the +8 lance "Wyrmbane" {slay drac, rPois rF+ rC+
                  | AC+3}
    31 | D        | Found the +9 sword of Zonguldrok {reap}
    31 | D        | Found the cursed +13 scythe of Curses {drain, *Curse}
    31 | D        | Found the +0 sword of Power
    31 | D        | Found the +7 mace of Variability {chain chaos}
    31 | D        | Found the +7 Singing Sword {vorpal, sonic wave}
    31 | D        | Found the +8 storm bow {elec, penet}
    34 | D        | Found an opulent altar of Gozag.
    50 | D        | Became a worshipper of Gozag Ym Sagoz the Greedy
    57 | D        | Reached skill level 5 in Fighting
    57 | D        | Reached skill level 5 in Shields
    57 | D        | Reached XP level 2. HP: 24/24 MP: 5/5
    63 | D        | Entered arena 2.
    63 | D        | Noticed a yaktaur
    63 | D        | Noticed a centaur
    63 | D        | Found a transporter.
    64 | D        | Found the +3 Elemental Staff {rElec rF++ rC++ MR++ AC+5}
    67 | D        | Killed a centaur
    67 | D        | Reached skill level 1 in Long Blades
    67 | D        | Reached skill level 5 in Ice Magic
    67 | D        | Reached XP level 3. HP: 29/29 MP: 7/7
    67 | D        | Reached XP level 4. HP: 35/35 MP: 8/8
    68 | D        | Killed a yaktaur
    68 | D        | Reached skill level 6 in Shields
    68 | D        | Reached XP level 5. HP: 42/42 MP: 8/10
    68 | D        | Reached XP level 6. HP: 47/47 MP: 8/11
    77 | D        | Entered arena 3.
    77 | D        | Found a transporter.
    87 | D        | Got the Incunabulum of Creation and Clay
    91 | D        | Entered arena 4.
    91 | D        | Found a transporter.
    97 | D        | Reached XP level 7. HP: 53/53 MP: 10/13
   106 | D        | Entered arena 5.
   106 | D        | Noticed a human
   106 | D        | Noticed a purple ugly thing
   106 | D        | Noticed a red ugly thing
   106 | D        | Found a transporter.
   111 | D        | Killed a red ugly thing
   111 | D        | Reached skill level 5 in Long Blades
   111 | D        | Reached skill level 5 in Dodging
   111 | D        | Reached skill level 7 in Shields
   111 | D        | Reached skill level 5 in Evocations
   112 | D        | Killed a human
   112 | D        | Reached skill level 10 in Ice Magic
   112 | D        | Reached XP level 8. HP: 60/60 MP: 11/15
   114 | D        | Noticed a hellwing
   114 | D        | Killed a purple ugly thing
   114 | D        | Reached skill level 5 in Spellcasting
   131 | D        | Learned a level 6 spell: Statue Form
   134 | D        | Learned a level 2 spell: Blink
   167 | D        | Entered arena 6.
   167 | D        | Found a transporter.
   168 | D        | Found the ring of the Octopus King {AC+1 EV+1 Str+1 Int+1
                  | Dex+1 SInv}
   172 | D        | Reached skill level 8 in Shields
   177 | D        | Got a ring of the Octopus King {AC+1 EV+1 Str+1 Int+1 Dex+1
                  | SInv}
   181 | D        | Got the ring of Siacs {rPois Int+6}
   185 | D        | Entered arena 7.
   186 | D        | Found a transporter.
   191 | D        | Reached skill level 1 in Translocations
   191 | D        | Reached skill level 1 in Transmutations
   191 | D        | Reached skill level 1 in Earth Magic
   198 | D        | Reached XP level 9. HP: 66/66 MP: 17/17
   218 | D        | Learned a level 5 spell: Borgnjor's Vile Clutch
   225 | D        | Learned a level 4 spell: Hailstorm
   226 | D        | Entered arena 8.
   226 | D        | Noticed a fire dragon
   226 | D        | Noticed a vault guard
   226 | D        | Noticed a vault guard
   226 | D        | Noticed a yaktaur
   226 | D        | Noticed an ironbrand convoker
   227 | D        | Found a transporter.
   231 | D        | Killed a yaktaur
   231 | D        | Reached skill level 1 in Conjurations
   231 | D        | Reached skill level 1 in Necromancy
   231 | D        | Killed an ironbrand convoker
   232 | D        | Killed a vault guard
   232 | D        | Reached XP level 10. HP: 72/72 MP: 17/19
   232 | D        | Killed a vault guard
   232 | D        | Reached skill level 9 in Shields
   234 | D        | Killed a fire dragon
   234 | D        | Reached skill level 5 in Transmutations
   234 | D        | Reached skill level 5 in Earth Magic
   324 | D        | Entered arena 9.
   324 | D        | Noticed a hellion
   326 | D        | Noticed an unseen horror
   327 | D        | Found a transporter.
   329 | D        | Killed an unseen horror
   331 | D        | Killed a hellion
   331 | D        | Reached skill level 5 in Conjurations
   331 | D        | Reached skill level 5 in Necromancy
   357 | D        | Got the Grimoire of Companions
   606 | D        | Entered arena 10.
   607 | D        | Found a transporter.
   650 | D        | Entered arena 11.
   650 | D        | Noticed a spriggan rider
   651 | D        | Found a transporter.
   656 | D        | Reached skill level 10 in Shields
   658 | D        | Reached XP level 11. HP: 69/77 MP: 22/22
   761 | D        | Entered arena 12.
   761 | D        | Noticed a vampire mage
   761 | D        | Noticed a vampire knight
   761 | D        | Noticed a necromancer
   761 | D        | Noticed a necromancer
   762 | D        | Found the +8 demon trident "Rift" {distort, reach+}
   763 | D        | Noticed a ghoul
   763 | D        | Noticed a necromancer
   764 | D        | Found a transporter.
   768 | D        | Killed a necromancer
   773 | D        | Killed a ghoul
   773 | D        | Reached skill level 11 in Shields
   773 | D        | Killed a vampire mage
   773 | D        | Reached skill level 10 in Long Blades
   773 | D        | Killed a necromancer
   773 | D        | Killed a necromancer
   774 | D        | Killed a vampire knight
   774 | D        | Reached skill level 12 in Shields
   792 | D        | Got the Compendium of Unholy Boosts
   795 | D        | Got Cydyll's Incunabulum of Enhancements and the Entourage
   807 | D        | Learned a level 8 spell: Ignition
   867 | D        | Entered arena 13.
   867 | D        | Noticed a fire giant
   867 | D        | Noticed a cyclops
   867 | D        | Noticed a fire giant
   868 | D        | Noticed a two-headed ogre
   869 | D        | Noticed a stone giant
   872 | D        | Reached skill level 10 in Dodging
   875 | D        | Killed a fire giant
   877 | D        | Noticed a cyclops
   878 | D        | Killed a fire giant
   878 | D        | Reached skill level 13 in Shields
   878 | D        | Reached XP level 12. HP: 82/82 MP: 20/25
   880 | D        | Found a transporter.
   881 | D        | Killed a stone giant
   882 | D        | Reached skill level 10 in Spellcasting
   885 | D        | Reached skill level 5 in Fire Magic
   887 | D        | Killed a two-headed ogre
   887 | D        | Reached skill level 14 in Shields
   910 | D        | Entered arena 14.
   916 | D        | Noticed an acid blob
   917 | D        | Found a transporter.
   927 | D        | HP: 5/106 [acid (5)]
   927 | D        | Blown up by an eye of devastation

Illustrated notes

Levels and vault maps discovered:
D:        sprint_v [room_start, room_1, room_2, room_3, room_4, room_5, room_6,
          room_7, room_8, room_9, room_10, room_11, room_12, room_13, room_14,
          room_15, room_16, room_17, room_18, room_19, room_20, room_21,
          room_22, room_23, room_24, room_25, room_26, room_27]

Skill      XL: |  1  2  3  4  5  6  7  8  9 10 11 12 |
---------------+-------------------------------------+-----
Fighting       | 5 6 7 8 |  8.1
Shields        | 5 6 7 8 10 13 14 | 14.2
Long Blades    | 1 3 4 5 6 7 8 10 | 10.0
Ice Magic      | 5 8 10 11 12 | 12.0
Evocations     | 2 4 5 6 |  6.0
Dodging        | 4 5 6 7 8 10 | 10.0
Spellcasting   | 3 4 5 6 7 9 10 | 10.2
Translocations | 1 2 |  2.0
Transmutations | 1 3 6 8 9 |  9.6
Earth Magic    | 1 3 6 8 9 |  9.2
Conjurations   | 3 5 6 |  6.0
Necromancy     | 3 5 |  5.0
Fire Magic     | 3 5 |  5.3
Stealth        | |  2.6

Action                   |  1- 3 |  4- 6 |  7- 9 | 10-12 || total
-------------------------+-------+-------+-------+-------++-------
Melee: Broad axe         |     1 |     5 |    17 |       ||    23
       Tentacles         |       |     1 |     8 |    10 ||    19
       Constrict         |       |       |     3 |     4 ||     7
       Double sword      |       |       |     4 |    46 ||    50
 Cast: Statue Form       |       |       |       |     3 ||     3
Invok: Potion Petition   |       |       |       |     5 ||     5
Evoke: Wand              |       |       |       |     3 ||     3
  Use: Potion            |     5 |       |     6 |     2 ||    13
       Scroll            |       |       |     2 |     1 ||     3
 Stab: Sleeping          |     1 |     3 |    12 |     2 ||    18
       Invisible         |       |     1 |     1 |     2 ||     4
       Distracted        |       |       |       |     2 ||     2
  Eat: Ration            |       |       |       |     1 ||     1
Armor: Skin              |       |       |     1 |     9 ||    10
Dodge: Dodged            |       |     1 |     2 |    18 ||    21
Block: Kite shield       |     1 |     4 |    16 |    60 ||    81
       Rpst.: Double sword |       |       |     1 |       ||     1
